 Dungeon Crawl Stone Soup version 0.28-a0-1567-g1695149f81 (webtiles) character file.

Game seed: 9393752926770411501

1643 Cancer the Geomancer (level 8, -16/41 HPs)
             Began as a Gargoyle Earth Elementalist on Jan 20, 2022.
             Was an Initiate of Vehumet.
             Demolished by Harold (36 damage)
             ... on level 7 of the Dungeon.
             The game lasted 00:10:52 (8978 turns).

Cancer the Geomancer (Gargoyle Earth Elementalist)  Turns: 8978, Time: 00:10:53

Health: -16/41     AC: 13    Str: 12    XL:     8   Next: 99%
Magic:  6/17       EV: 12    Int: 18    God:    Vehumet [......]
Gold:   271        SH:  0    Dex: 10    Spells: 15/19 levels left

rFire   . . .      SeeInvis .   l - +1 hand axe (flame)
rCold   + . .      Faith    .   (no shield)
rNeg    + . .      Spirit   .   p - +2 robe {rC+}
rPois   ∞          Reflect  .   (no helmet)
rElec   +          Harm     .   (no cloak)
rCorr   .          Rampage  .   (no gloves)
Will    .....                   (no boots)
Stlth   ++........              (no amulet)
HPRegen 0.13/turn               e - +4 ring of protection
MPRegen 0.15/turn               i - ring of wizardry

@: marked, very slightly contaminated
A: sickness immunity, AC +5, negative energy resistance 1, electricity
resistance, torment resistance 1, petrification resistance
a: Renounce Religion


You were on level 7 of the Dungeon.
You worshipped Vehumet.
Vehumet was noncommittal.
You visited 2 branches of the dungeon, and saw 8 of its levels.

You collected 271 gold pieces.

Inventory:

Hand Weapons
 l - a +1 hand axe of flaming (weapon)
Missiles
 c - 85 stones
Armour
 p - a +2 robe of cold resistance (worn)
Magical Staves
 v - a staff of fire
Jewellery
 e - a +4 ring of protection (left hand)
 i - a ring of wizardry (right hand)
Wands
 s - a wand of charming (5)
 y - a wand of polymorph (8)
Scrolls
 b - a scroll of torment {unknown}
 d - a scroll of enchant weapon {unknown}
 k - 2 scrolls of amnesia {unknown}
 m - 4 scrolls of immolation {unknown}
 n - a scroll of identify {unknown}
 o - a scroll of fog {unknown}
 t - a scroll of teleportation {unknown}
 u - a scroll of blinking {unknown}
Potions
 a - 3 potions of flight {unknown}
 f - a potion of heal wounds {unknown}
 g - 2 potions of curing {unknown}
 h - 2 potions of haste {unknown}
 j - 2 potions of degeneration {unknown}
 q - a potion of mutation {unknown}
 r - a potion of might
 w - 2 potions of lignification {unknown}
 x - a potion of cancellation {unknown}


   Skills:
 - Level 2.0 Dodging
 - Level 2.1 Stealth
 + Level 6.1 Spellcasting
 + Level 6.7 Conjurations
 - Level 1.0 Transmutations
 + Level 8.3 Earth Magic


You had 15 spell levels left.
You knew the following spells:

 Your Spells              Type           Power      Damage    Failure   Level
a - Sandblast             Erth           70%        2d15      1%          1
b - Stone Arrow           Conj/Erth      64%        3d11      1%          3

Your spell library contained the following spells:

 Spells                   Type           Power      Damage    Failure   Level
 Passwall                 Tmut/Erth      18%        N/A       1%          2
 Lee's Rapid Deconstruct  Erth           17%        3d12*     4%          5
 Petrify                  Tmut/Erth      22%        N/A       7%          4
 Leda's Liquefaction      Hex/Erth       10%        N/A       9%          4
 Gell's Gravitas          Tloc           5%         N/A       14%         3
 Teleport Other           Tloc           5%         N/A       14%         3
 Dispersal                Tloc           2%         N/A       99%         6
 Statue Form              Tmut/Erth      Unusable   N/A       N/A         6

Dungeon Overview and Level Annotations

Branches:
Dungeon (7/15)             Temple (1/1) D:5

Altars:
Ashenzari
Cheibriados
Dithmenos
Elyvilon
Fedhas
Gozag
Hepliaklqana
Kikubaaqudgha
Nemelex Xobeh
Okawaru
Ru
Sif Muna
Trog
Uskayaw
Vehumet
Wu Jian
Xom
Yredelemnul
Zin
The Shining One

Shops:
D:3 [

Annotations:
D:7 Harold, Maggie


Innate Abilities, Weirdness & Mutations

You are immune to sickness and miasma.
Your stone body is resilient. (AC +5)
You are immune to poison.
You resist negative energy. (rN+)
You are resistant to electric shocks. (rElec)
You are resistant to unholy torment.
You are immune to petrification.


Message History

Harold is wielding a +0 glaive and wearing a +4 scale mail of positive energy.
There are monsters nearby!
The stone arrow hits Harold!
Harold is moderately wounded.
Harold casts a spell at you. A sentinel's mark forms upon you.
The gnoll closely misses you.
A gnoll comes into view. It is wielding a +0 spear.
There are monsters nearby!
You miscast Stone Arrow.
You are very lightly contaminated with residual magic.
Nothing appears to happen.
The gnoll barely misses you. Harold misses you.
A wight comes into view. It is wielding a +3 great sword.
You hit the gnoll. You burn the gnoll.
The gnoll is lightly wounded.
You closely miss the gnoll. The gnoll hits you with a +0 club. x2
Harold barely misses you.
There are monsters nearby!
The stone arrow hits the gnoll!
You kill the gnoll!
Vehumet accepts your kill. The gnoll hits you but does no damage.
Harold drinks a potion.
Harold seems to grow stronger.
A gnoll comes into view. It is wielding a +0 spear.
There are monsters nearby!
The stone arrow hits the gnoll shaman!!
You kill the gnoll shaman!
Vehumet accepts your kill. The gnoll hits you with a +0 club.
Harold hits you from afar with a +0 glaive!
A wight comes into view. It is wielding a +2 battleaxe.
You are too injured to fight recklessly!
There are monsters nearby!
You are too injured to fight recklessly!
You are too injured to fight recklessly!
Unknown command.
The gnoll hits you but does no damage.
Harold hits you from afar with a +0 glaive!!!
Ouch! That really hurt!
You die...

#.# ##
######.# ..
#......# #.
#.######
###.## #.#
#....# #.#
##g#.#(@# #.#
.z.zg.)g####.#
#.@.$..#
########


You could see Harold (strong), 2 wights and 3 gnolls.

Vanquished Creatures
  Eustachio (D:5)
  A water moccasin (D:7)
  Duvessa (D:7)
  2 black bears
  2 kobold brigands (D:6)
  A scorpion (D:3)
  Dowan (D:7)
  A water moccasin skeleton (D:4)
  2 howler monkeys
  A hound (D:3)
  2 gnoll shamans
  3 orc priests
  3 centaur skeletons
  A jelly (D:4)
  3 iguanas
  5 orc wizards
  A howler monkey zombie (D:5)
  4 gnolls
  A howler monkey skeleton (D:5)
  6 adders
  A white imp (D:5)
  2 worms (D:2)
  4 dart slugs
  18 orcs
  4 endoplasms
  2 giant cockroaches
  8 goblins
  13 hobgoblins
  6 jackals
  16 kobolds
  2 quokkas (D:1)
  5 ball pythons (D:1)
  4 bats
  7 frilled lizards
  A quokka skeleton (D:4)
  2 rats (D:1)
137 creatures vanquished.

Notes
Turn   | Place    | Note
-------+----------+-------------------------------------------
     0 | D:1      | Cancer the Gargoyle Earth Elementalist began the quest for
                  | the Orb.
     0 | D:1      | Reached XP level 1. HP: 10/10 MP: 3/3
   423 | D:1      | Reached XP level 2. HP: 13/15 MP: 5/5
   456 | D:1      | Reached skill level 1 in Conjurations
   874 | D:1      | Reached skill level 4 in Earth Magic
  1108 | D:2      | Reached XP level 3. HP: 9/19 MP: 4/6
  2042 | D:2      | Learned a level 3 spell: Stone Arrow
  2730 | D:2      | Reached XP level 4. HP: 24/24 MP: 8/8
  3003 | D:1      | Found a faded altar of an unknown god.
  3661 | D:3      | Reached XP level 5. HP: 10/28 MP: 4/9
  4033 | D:3      | Reached skill level 5 in Earth Magic
  4150 | D:3      | Found Uphykudu's Armour Emporium.
  4242 | D:3      | Reached XP level 6. HP: 32/32 MP: 4/11
  4315 | D:3      | Found a sacrificial altar of Ru.
  4348 | D:3      | Found a white marble altar of Elyvilon.
  5456 | D:4      | Reached skill level 6 in Earth Magic
  5456 | D:4      | Reached XP level 7. HP: 14/36 MP: 9/13
  6010 | D:5      | Entered Level 5 of the Dungeon
  6251 | D:5      | Noticed Eustachio
  6256 | D:5      | Killed Eustachio
  6325 | D:5      | Found a staircase to the Ecumenical Temple.
  6344 | Temple   | Entered the Ecumenical Temple
  6449 | Temple   | Became a worshipper of Vehumet
  6516 | D:5      | Reached skill level 5 in Conjurations
  7200 | D:6      | Reached skill level 1 in Transmutations
  7200 | D:6      | Reached XP level 8. HP: 15/41 MP: 11/15
  7413 | D:6      | Reached skill level 5 in Spellcasting
  7413 | D:6      | Reached skill level 7 in Earth Magic
  8677 | D:7      | Noticed Duvessa
  8678 | D:7      | Noticed Dowan
  8683 | D:7      | Killed Duvessa
  8684 | D:7      | Reached skill level 8 in Earth Magic
  8684 | D:7      | Killed Dowan
  8804 | D:7      | Noticed Maggie
  8971 | D:7      | Noticed Harold
  8978 | D:7      | Demolished by Harold

Illustrated notes

Levels and vault maps discovered:
D:1:      eino_arrival_cavern_d, layout_basic, nicolae_ecumenical_snake_handling
D:2:      layout_loops_ring
D:3:      layout_rooms, nicolae_ru_awakened_eye,
          mainiacjoe_overflow_concentric_impassable, serial_shops,
          nicolae_shop_competitors_out_of_business, serial_bayou_crossing
D:4:      layout_basic, minmay_quantized
D:5:      layout_basic, minmay_temple_entry_tees, uniq_eustachio
D:6:      layout_basic
D:7:      layout_loops_cross, serial_shops, nicolae_shop_crystal,
          gammafunk_ghost_grave, uniq_maggie, uniq_duvessa, uniq_harold
Temple:   mainiacjoe_temple_coin_purse

Skill      XL: |  1  2  3  4  5  6  7  8 |
---------------+-------------------------+-----
Conjurations   | 1 2 3 4 5 6 |  6.7
Earth Magic    | 4 5 6 8 |  8.3
Spellcasting   | 3 4 6 |  6.1
Transmutations | 1 |  1.0
Dodging        | 2 |  2.0
Stealth        | |  2.1

Action                   |  1- 3 |  4- 6 |  7- 9 || total
-------------------------+-------+-------+-------++-------
Melee: Unarmed           |    27 |       |       ||    27
       Dagger            |    76 |       |       ||    76
       Short sword       |    65 |    71 |       ||   136
       Punch             |     1 |     1 |       ||     2
       Hand axe          |       |   121 |    96 ||   217
 Cast: Sandblast         |    16 |     1 |       ||    17
       Stone Arrow       |       |    13 |    60 ||    73
 Stab: Sleeping          |     2 |     1 |       ||     3
Armor: Robe              |    73 |   110 |    73 ||   256
Dodge: Dodged            |    97 |   150 |    95 ||   342

Table legend: (Time is in decaauts)
 A = Elapsed time spent in this place.
 B = Non-inter-level travel time spent in this place.
 C = Inter-level travel time spent in this place.
 D = Time resting spent in this place.
 E = Time spent auto-exploring this place.
 F = Levels seen in this place.
 G = Mean time per level.
                   A        B        C        D        E       F      G
               +--------+--------+--------+--------+--------+-----+--------+
         Total |   9060 |   8803 |    257 |    405 |   6863 |   8 | 1132.5 |
       Dungeon |   8946 |   8697 |    249 |    405 |   6780 |   7 | 1278.0 |
        Temple |    114 |    106 |      8 |      0 |     83 |   1 |  114.0 |
               +--------+--------+--------+--------+--------+-----+--------+

Top non-repeatable levels by time:
     D:2: 1882 daAuts
     D:1: 1748 daAuts
     D:6: 1390 daAuts
     D:4: 1305 daAuts
     D:3: 1128 daAuts
     D:5: 1008 daAuts
     D:7: 482 daAuts
  Temple: 114 daAuts
